AoeStats
← avianspyder

Arena

509724993Analyzed
1v1 RM · 5d ago on Sep 27, 2026· 39m 17s· 2 players
Game mode
Random Map
Map size
Tiny (2 player)
Population
200
Speed
Normal
Resources
Standard
Victory
Conquest
Starting age
Dark Age
Ending age
Imperial Age
RankedLock teamsTeams togetherTeam positionsShared explorationLock speedFull tech treeHidden civsTurbo modeCheats
Victory
Defeat
🇺🇸 Huns · United States
769
+17
🇺🇸 Franks · United States
780
-17
avianspyder
14:19 Feudal Age
15:15 Horse Collar
15:23 Double-Bit Axe
15:30 Stone Mining
15:33 Gold Mining
16:29 Wheelbarrow
20:03 Castle Age
19:12 Scale Barding Armor
19:27 Forging
20:34 Bloodlines
21:00 Bow Saw
20:53 Heavy Plow
21:08 Husbandry
23:20 Hand Cart
25:03 Gold Shaft Mining
26:02 Chain Barding Armor
28:47 Iron Casting
34:46 Imperial Age
34:52 Cavalier
36:17 Paladin
37:37 Plate Barding Armor
Mr. Pig
12:38 Feudal Age
13:56 Wheelbarrow
13:09 Double-Bit Axe
17:14 Castle Age
15:18 Gold Mining
15:50 Scale Barding Armor
16:48 Forging
18:37 Chain Barding Armor
18:45 Bow Saw
21:00 Hand Cart
22:26 Iron Casting
27:10 Elite Skirmisher
28:42 Loom
29:13 Hand Cart
29:10 Fletching
29:22 Padded Archer Armor
31:34 Ballistics
31:21 Bodkin Arrow
32:31 Leather Archer Armor
34:26 Light Cavalry
Connection lost

Rejoining the realm…

Still unreachable

The connection could not be restored.

Session expired

The server has moved on; the page needs a fresh start.